 Dungeon Crawl Stone Soup version 0.29-a0-275-g389c0b56f3 (webtiles) character file.

Game seed: 5226882908744660782

21 Ordine the Slasher (level 2, -1/18 HPs)
             Began as a Tengu Warper on Mar 10, 2022.
             Slain by a hobgoblin (2 damage)
             ... on level 1 of the Dungeon.
             The game lasted 00:01:31 (945 turns).

Ordine the Slasher (Tengu Warper)                    Turns: 945, Time: 00:01:31

Health: -1/18      AC:  3    Str: 11    XL:     2   Next: 87%
Magic:  6/6        EV: 11    Int: 13    God:
Gold:   13         SH:  0    Dex: 13    Spells: 3/5 levels left

rFire   . . .      SeeInvis .   a - +0 falchion
rCold   + . .      Faith    .   (no shield)
rNeg    . . .      Spirit   .   b - +0 leather armour
rPois   .          Reflect  .   (helmet restricted)
rElec   .          Harm     .   (no cloak)
rCorr   .          Rampage  .   (no gloves)
Will    .....                   (boots unavailable)
Stlth   +.........              (no amulet)
HPRegen 0.06/turn               f - ring of protection from cold
MPRegen 0.10/turn               (no ring)

@: no status effects
A: beak, talons 3
a: no special abilities


You were on level 1 of the Dungeon.
You visited 1 branch of the dungeon, and saw 1 of its levels.

You collected 13 gold pieces.

Inventory:

Hand Weapons
 a - a +0 falchion (weapon)
Missiles
 d - 4 boomerangs of dispersal (quivered)
Armour
 b - a +0 leather armour (worn)
Jewellery
 f - a ring of protection from cold (left hand)
Scrolls
 e - a scroll of noise {unknown}


   Skills:
 + Level 2.3 Fighting
 * Level 3.0 Long Blades
 + Level 1.5 Throwing
 - Level 1.1 Armour
 - Level 2.1 Dodging
 - Level 2.0 Spellcasting
 - Level 2.4 Translocations


You had 3 spell levels left.
You knew the following spells:

 Your Spells              Type           Power      Damage    Failure   Level
a - Blink                 Tloc           14%        N/A       19%         2

Your spell library contained the following spells:

 Spells                   Type           Power      Damage    Failure   Level
 Gell's Gravitas          Tloc           7%         N/A       36%         3
 Lesser Beckoning         Tloc           7%         N/A       36%         3
 Teleport Other           Tloc           7%         N/A       36%         3
 Manifold Assault         Tloc           7%         N/A       98%         5


Dungeon Overview and Level Annotations

Branches:
Dungeon (1/15)

Altars:


Innate Abilities, Weirdness & Mutations

You have a beak for a mouth.
You have claws for feet.


Message History

The ball python barely misses you. The ball python closely misses you.
You closely miss the ball python. Your peck misses the ball python.
The ball python is heavily wounded.
The ball python completely misses you. The ball python grabs you.
The ball python constricts you. The ball python bites you.
* * * LOW HITPOINT WARNING * * *
The ball python constricts you.
You slash the ball python!
You kill the ball python!
Your Long Blades skill increases to level 3!
No action selected
Press: ? - help, Q - select action, (/) - cycle Dir - look around, f - activate Look: a kobold, wielding a +0 short sword You are too injured to fight recklessly!
Throw: 7 boomerangs (disperse)
Press: ? - help, Q - select action, (/) - cycle Shift-Dir - straight line, f/p - kobold
Aim: a kobold, wielding a +0 short sword (50% to hit)
You throw a boomerang of dispersal.
The boomerang of dispersal barely misses the kobold.
You hit the kobold.
You kill the kobold!
Throw: 6 boomerangs (disperse)
Press: ? - help, Q - select action, (/) - cycle Shift-Dir - straight line, f - kobold
Aim: a kobold, wielding a +0 club (50% to hit)
You throw a boomerang of dispersal.
The boomerang of dispersal hits the kobold.
The kobold blinks!
The kobold is moderately wounded.
The kobold barely misses you.
You hit the kobold.
You kill the kobold!
Throw: 5 boomerangs (disperse)
Press: ? - help, Q - select action, (/) - cycle Shift-Dir - straight line, f - hobgoblin
Aim: a hobgoblin (57% to hit)
You throw a boomerang of dispersal.
The boomerang of dispersal hits the hobgoblin.
The hobgoblin blinks!
The hobgoblin is lightly wounded.
The hobgoblin hits you.
You die...

..#................#
#..................# .
.>.................# ...
........K..........####....
#........K..................##
#....................##......##
....:.............#### ......##
.)............###..# ......#
..............ยง)@g.# ......#
#################..### #....#
.......'........#....#####...#
.##############.#....#......# .
(#.....'......#.#.##.#.###..##...
.#.##########.#.#..#.#.###.......
.#.#...'....#.#.##.#...##..######
.#.#.######.#.#.##.#..###.##
.#.#.#>'..#.#.#.##....# #.#


You could see a hobgoblin.

Vanquished Creatures
  3 endoplasms (D:1)
  4 hobgoblins (D:1)
  3 kobolds (D:1)
  4 ball pythons (D:1)
  3 bats (D:1)
  2 rats (D:1)
19 creatures vanquished.

Notes
Turn   | Place    | Note
-------+----------+-------------------------------------------
     0 | D:1      | Ordine the Tengu Warper began the quest for the Orb.
     0 | D:1      | Reached XP level 1. HP: 12/12 MP: 4/4
   308 | D:1      | Reached XP level 2. HP: 6/17 MP: 6/6
   527 | D:1      | Learned a level 2 spell: Blink
   941 | D:1      | Reached skill level 3 in Long Blades
   945 | D:1      | Slain by a hobgoblin

Illustrated notes

Levels and vault maps discovered:
D:1:      minmay_arrival_widening_spiral_narrow, layout_rooms,
          chequers_ecumenical_altar_twisty, st_stairs_11, minivault_19,
          serial_bayou_pond_b

Skill      XL: |  1  2 |
---------------+-------+-----
Long Blades    | 3 |  3.0
Fighting       | |  2.3
Throwing       | |  1.5
Armour         | |  1.1
Dodging        | |  2.1
Spellcasting   | |  2.0
Translocations | |  2.4

Action                   || total
-------------------------++-------
Melee: Falchion          ||    45
       Kick              ||     7
       Peck              ||     5
       Punch             ||     1
Throw: Boomerang         ||     3
  Use: Scroll            ||     1
Armor: Leather armour    ||    16
Dodge: Dodged            ||    37

Table legend: (Time is in decaauts)
 A = Elapsed time spent in this place.
 B = Non-inter-level travel time spent in this place.
 C = Inter-level travel time spent in this place.
 D = Time resting spent in this place.
 E = Time spent auto-exploring this place.
 F = Levels seen in this place.
 G = Mean time per level.
                   A        B        C        D        E       F      G
               +--------+--------+--------+--------+--------+-----+--------+
         Total |    952 |    952 |      0 |    216 |    621 |   1 |  952.0 |
       Dungeon |    952 |    952 |      0 |    216 |    621 |   1 |  952.0 |
               +--------+--------+--------+--------+--------+-----+--------+

Top non-repeatable levels by time:
     D:1: 952 daAuts
